AoeStats
← ionescu_andrei

Four Lakes

509574372Analyzed
1v1 RM · 6d ago on Sep 27, 2026· 45m 22s· 2 players
Game mode
Random Map
Map size
Tiny (2 player)
Population
200
Speed
Normal
Resources
Standard
Victory
Conquest
Starting age
Dark Age
Ending age
Imperial Age
RankedLock teamsTeams togetherTeam positionsShared explorationLock speedFull tech treeHidden civsTurbo modeCheats
Victory
Defeat
🇪🇸 Burgundians · Spain
563
+16
🇷🇴 Huns · Romania
567
-16
RPOVEDA
5:46 Double-Bit Axe
8:37 Fishing Lines
11:56 Feudal Age
13:41 Gillnets
13:46 Gold Mining
14:38 Bow Saw
15:45 Stone Mining
20:31 Castle Age
19:25 Stone Shaft Mining
21:31 Husbandry
23:44 Gold Shaft Mining
24:14 Forging
24:09 Scale Barding Armor
24:05 Padded Archer Armor
23:56 Fletching
29:58 Imperial Age
28:16 Chain Barding Armor
28:21 Ballistics
27:42 Treadmill Crane
28:40 Murder Holes
29:27 Wheelbarrow
30:00 Iron Casting
29:51 Leather Archer Armor
31:44 Chemistry
31:18 Hand Cart
33:03 Hand Cart
42:00 Clinker Construction
ionescu_andrei
13:56 Feudal Age
14:18 Horse Collar
14:24 Double-Bit Axe
15:06 Gold Mining
15:08 Stone Mining
16:39 Arson
21:09 Castle Age
19:36 Fletching
20:16 Scale Mail Armor
21:22 Forging
21:42 Padded Archer Armor
22:06 Squires
21:54 Elite Skirmisher
23:02 Bow Saw
23:06 Pikeman
24:43 Heavy Plow
25:16 Leather Archer Armor
25:36 Scale Barding Armor
27:31 Iron Casting
27:25 Bodkin Arrow
28:32 Gold Shaft Mining
32:08 Imperial Age
30:21 Chain Mail Armor
31:06 Chain Barding Armor
32:41 Halberdier
35:09 Two-Man Saw
35:58 Blast Furnace
36:12 Bracer
37:06 Plate Barding Armor
38:53 Elite Tarkan
42:06 Town Watch
42:56 Wheelbarrow
42:06 Loom
Connection lost

Rejoining the realm…

Still unreachable

The connection could not be restored.

Session expired

The server has moved on; the page needs a fresh start.